 Dungeon Crawl Stone Soup version 0.28.0 (webtiles) character file.

Game seed: 6174944627489182113

2217 Gaball the Spear-Bearer (level 9, -1/83 HPs)
             Began as a Minotaur Berserker on Feb 4, 2022.
             Was a Priest of Trog.
             Slain by an ice beast (8 damage)
             ... on level 8 of the Dungeon.
             The game lasted 00:09:20 (4264 turns).

Gaball the Spear-Bearer (Minotaur Berserker)        Turns: 4264, Time: 00:09:21

Health: -1/83      AC:  4    Str: 22    XL:     9   Next: 13%
Magic:  8/8        EV: 16    Int:  4    God:    Trog [***...]
Gold:   374        SH:  0    Dex: 14    Spells: 8/8 levels left

rFire   + . .      SeeInvis .   y - +6 trident of the Last Runes {venom, rF+}
rCold   . . .      Faith    .   (no shield)
rNeg    . . .      Spirit   .   b - +0 animal skin
rPois   +          Reflect  .   (helmet restricted)
rElec   .          Harm     .   (no cloak)
rCorr   .          Rampage  .   c - +0 pair of gloves
Will    ++...                   (no boots)
Stlth   +.........              j - amulet of regeneration
HPRegen 2.03/turn               n - ring of poison resistance
MPRegen 0.11/turn               u - +4 ring of evasion

@: strong-willed, attractive, regenerating
A: horns 2, retaliatory headbutt
a: Renounce Religion, Berserk, Trog's Hand


You were on level 8 of the Dungeon.
You worshipped Trog.
Trog was most pleased with you.
You visited 1 branch of the dungeon, and saw 10 of its levels.

You collected 374 gold pieces.

Inventory:

Hand Weapons
 a - a +0 spear
 y - the +6 trident of the Last Runes (weapon) {venom, rF+}
   (You found it on level 5 of the Dungeon)

   It poisons the flesh of those it strikes.
   rF:        It protects you from fire.
Armour
 b - a +0 animal skin (worn)
 c - a +0 pair of gloves (worn)
Jewellery
 h - a ring of flight
 j - an amulet of regeneration (around neck)
 n - a ring of poison resistance (left hand)
 u - a +4 ring of evasion (right hand)
 w - a ring of protection from cold
Wands
 o - a wand of iceblast (17)
 v - a wand of acid (4)
Scrolls
 e - a scroll of fog {unknown}
 f - a scroll of teleportation {unknown}
 g - 3 scrolls of magic mapping
 i - a scroll of brand weapon {unknown}
 k - 6 scrolls of identify {unknown}
 l - 2 scrolls of enchant weapon {unknown}
 s - a scroll of torment {unknown}
 t - a scroll of enchant armour {unknown}
 z - 2 scrolls of noise {unknown}
 A - a scroll of silence {unknown}
 C - 2 scrolls of immolation {unknown}
 D - a scroll of summoning {unknown}
Potions
 d - a potion of ambrosia {unknown}
 m - a potion of magic {unknown}
 p - a potion of flight {unknown}
 q - 2 potions of attraction
 r - a potion of brilliance {unknown}
 x - a potion of curing
 B - a potion of might {unknown}


   Skills:
 + Level 9.1 Fighting
 + Level 10.1 Polearms
 + Level 7.6 Armour
 - Level 2.1 Dodging


You had 8 spell levels left.
You didn't know any spells.
Your spell library was empty.

Dungeon Overview and Level Annotations

Branches:
Dungeon (10/15)            Temple (0/1) D:4
   Lair: D:8-11         Orc: D:9-12

Altars:
Kikubaaqudgha
Sif Muna
Vehumet
Yredelemnul
Zin


Innate Abilities, Weirdness & Mutations

You have a pair of horns on your head.
You reflexively headbutt those who attack you in melee.


Message History

The centaur shoots an arrow.
The arrow hits you! Something hits you!
You puncture something!
You hear some strange, mumbled words.
A lance of force appears from out of thin air!
The lance of force hits you!!
* * * LOW HITPOINT WARNING * * *
You are knocked back by the lance of force.
Okay, then.
The centaur shoots an arrow.
Reactivating autopickup.
You feel a bit more experienced.
Your Fighting skill increases to level 9!
Your Polearms skill increases to level 10!
You have reached level 9!
Your experience leads to an increase in your attributes!
Increase (S)trength, (I)ntelligence, or (D)exterity?
You feel agile. x2
Okay, then.
It was a potion of attraction.
You feel attractive to monsters.
The centaur shoots an arrow.
The arrow hits you!
* * * LOW HITPOINT WARNING * * *
The ice beast is attracted toward you. The centaur is attracted toward you.
It was a potion of curing.
You feel better.
The ice beast hits you but does no damage.
The centaur shoots an arrow.
The arrow misses you. The centaur is attracted toward you.
You barely miss the centaur. Your headbutt misses the centaur.
The centaur unwields a +0 shortbow.
The centaur hits you.
* * * LOW HITPOINT WARNING * * *
The centaur completely misses you. The ice beast barely misses you.
You furiously retaliate!
You headbutt the ice beast!
Your skin crawls.
You feel strong-willed. The centaur hits you.
* * * LOW HITPOINT WARNING * * *
The centaur misses you. The ice beast hits you.
* * * LOW HITPOINT WARNING * * *
The ice beast freezes you!
You die...

...........(.........
.............>.......
..........)))........
......§..............
.......).............
.......†§............
##>.......§..........
#........Yc.........
#.........@.........
#..................
#.................
#.................
#.....#########....
...... #### ..


You could see an ice beast and a centaur.

Vanquished Creatures
  A komodo dragon (D:10)
  The ghost of McKennaii the Magician, an amateur DgCj (D:4)
  A shadow (D:7)
  A water moccasin (D:8)
  2 sky beasts
  2 black bears
  A necrophage (D:6)
  A phantom (D:5)
  A bullfrog (D:5)
  A gnoll sergeant (D:6)
  A water moccasin zombie (D:5)
  2 bullfrog zombies (D:5)
  A jelly (D:5)
  3 orc priests (D:6)
  4 orc wizards
  4 gnolls
  5 adders
  A shadow imp (D:5)
  An ufetubus (D:4)
  A worm (D:3)
  2 dart slugs
  17 orcs
  3 endoplasms
  5 giant cockroaches
  4 goblins
  7 hobgoblins
  7 jackals
  6 kobolds
  7 quokkas
  4 bats (D:2)
  3 rats (D:2)
100 creatures vanquished.

Vanquished Creatures (others)
  Erica (D:8)
1 creature vanquished.

Grand Total: 101 creatures vanquished

Notes
Turn   | Place    | Note
-------+----------+-------------------------------------------
     0 | D:1      | Gaball the Minotaur Berserker began the quest for the Orb.
     0 | D:1      | Reached XP level 1. HP: 19/19 MP: 0/0
    98 | D:1      | Reached skill level 4 in Polearms
   180 | D:1      | Reached XP level 2. HP: 27/27 MP: 1/1
   631 | D:2      | Reached XP level 3. HP: 28/33 MP: 2/2
   775 | D:2      | Reached skill level 5 in Polearms
   891 | D:2      | Reached ** piety under Trog
  1191 | D:2      | Found a faded altar of an unknown god.
  1478 | D:3      | Reached XP level 4. HP: 37/41 MP: 3/3
  1614 | D:3      | Found a basalt altar of Yredelemnul.
  2278 | D:4      | Found a runed translucent door.
  2278 | D:4      | Noticed McKennaii's ghost (amateur DgCj)
  2308 | D:4      | Killed McKennaii's ghost
  2309 | D:4      | Reached skill level 5 in Fighting
  2309 | D:4      | Reached skill level 7 in Polearms
  2309 | D:4      | Reached XP level 5. HP: 25/48 MP: 4/4
  2309 | D:4      | Reached XP level 6. HP: 29/56 MP: 5/5
  2700 | D:4      | Found a staircase to the Ecumenical Temple.
  2867 | D:5      | Entered Level 5 of the Dungeon
  3046 | D:5      | Noticed a sky beast
  3051 | D:5      | Killed a sky beast
  3052 | D:5      | Reached XP level 7. HP: 64/64 MP: 6/6
  3115 | D:5      | Identified the +6 trident of the Last Runes {venom, rF+}
  3173 | D:5      | Reached skill level 8 in Polearms
  3344 | D:5      | Found a shimmering blue altar of Sif Muna.
  3357 | D:5      | Found an ancient bone altar of Kikubaaqudgha.
  3374 | D:5      | Found a radiant altar of Vehumet.
  3446 | D:5      | Reached skill level 5 in Armour
  3458 | D:6      | Reached *** piety under Trog
  3465 | D:6      | Reached XP level 8. HP: 47/73 MP: 7/7
  3657 | D:6      | Reached skill level 9 in Polearms
  3885 | D:6      | Found a glowing silver altar of Zin.
  4174 | D:7      | You fall into a shaft and drop 3 floors!
  4174 | D:10     | Entered Level 10 of the Dungeon
  4199 | D:10     | Noticed a komodo dragon
  4207 | D:10     | Killed a komodo dragon
  4241 | D:8      | Noticed Erica
  4260 | D:8      | Killed Erica
  4261 | D:8      | Reached skill level 10 in Polearms
  4261 | D:8      | Reached XP level 9. HP: 14/83 MP: 8/8
  4264 | D:8      | Slain by an ice beast

Illustrated notes

Levels and vault maps discovered:
D:1:      dpeg_arrival_pits, layout_rooms
D:2:      layout_rooms, hellmonk_ecumenical_altar_heavens_door
D:3:      layout_basic, mainiacjoe_overflow_alcove_4
D:4:      layout_basic, minmay_temple_entry_nine_rooms,
          hellmonk_ghost_happy_afterlife
D:5:      layout_basic, palyth_temple_overflow_mages
D:6:      layout_basic, zin_statuary
D:7:      layout_rooms
D:8:      layout_gridville, mainiacjoe_overflow_divided_tiny,
          grunt_ministairs_11, minmay_manual_mullet, uniq_erica, uniq_maurice,
          uniq_joseph, uniq_maggie
D:9:      layout_gridville, david_orc_2
D:10:     layout_rooms, serial_curves, eino_curves_02, eino_curves_02,
          eino_curves_01, eino_curves_04, enter_bailey_4, uniq_grum

Skill      XL: |  1  2  3  4  5  6  7  8 |
---------------+-------------------------+-----
Polearms       | 4 5 7 8 10 | 10.1
Fighting       | 4 5 6 7 9 |  9.1
Armour         | 4 5 7 |  7.6
Dodging        | |  2.1

Action                   |  1- 3 |  4- 6 |  7- 9 || total
-------------------------+-------+-------+-------++-------
Melee: Spear             |   102 |   114 |     5 ||   221
       Headbutt          |    14 |    18 |    11 ||    43
       Punch             |     1 |       |     1 ||     2
       Trident           |       |       |    99 ||    99
Invok: Trog's Hand       |       |       |     2 ||     2
       Berserk           |       |       |     1 ||     1
Evoke: Wand              |       |     2 |     2 ||     4
  Use: Scroll            |       |       |     1 ||     1
       Potion            |       |       |     2 ||     2
 Stab: Sleeping          |       |     1 |       ||     1
       Distracted        |       |       |     1 ||     1
Armor: Animal skin       |    18 |    12 |     9 ||    39
Dodge: Dodged            |    51 |    39 |    56 ||   146
